 Dungeon Crawl Stone Soup version 0.27-a0-633-gc6addc0a40 (webtiles) character file.

Game seed: 7990533870596133703

119406 jasper the Executioner (level 16, -2/141 HPs)
             Began as a Hill Orc Fighter on Mar 13, 2021.
             Was the Champion of Beogh.
             Slain by a stone giant zombie (20 damage)
             ... on level 15 of the Dungeon.
             The game lasted 00:40:07 (30818 turns).

jasper the Executioner (Hill Orc Fighter)          Turns: 30818, Time: 00:40:08

Health: -2/141     AC: 26    Str: 21    XL:     16   Next: 79%
Magic:  21/27      EV: 10    Int: 13    God:    Beogh [******]
Gold:   1741       SH: 17    Dex: 10    Spells: 10/15 levels left

rFire    . . .     SeeInvis .   n - +1 broad axe (venom)
rCold    . . .     Faith    .   c - +0 kite shield
rNeg     . . .     Spirit   .   w - +0 plate armour
rPois    +         Reflect  +   r - +0 helmet
rElec    .         Harm     .   J - +2 cloak {rPois}
rCorr    +         Rampage  +   A - +2 pair of gloves
Will     +....                  y - +0 pair of boots {rampage}
Stlth    ..........             V - amulet of reflection
HPRegen  0.33/turn              d - +4 ring of evasion
MPRegen  0.20/turn              L - ring of resist corrosion

@: no status effects
A: walk on water
a: Renounce Religion, Smiting, Recall Orcish Followers, Give Item to Named
Follower, Resurrection


You were on level 15 of the Dungeon.
You worshipped Beogh.
Beogh was exalted by your worship.
You visited 2 branches of the dungeon, and saw 21 of its levels.
You also visited: Ossuary and Bailey.

You collected 2091 gold pieces.
You spent 350 gold pieces at shops.

Inventory:

Hand Weapons
 n - a +1 broad axe of venom (weapon)
 o - the +14 obsidian axe {vorpal, *Drain +Fly SInv}
   (You acquired it on level 6 of the Lair of Beasts)

   It inflicts extra damage upon your enemies.
   It lets you see invisible.
   It lets you fly.
   It causes draining when unequipped.
 p - a +0 glaive
 x - a +0 war axe of flaming
 R - a +3 glaive
 X - a +0 glaive
Missiles
 i - 491 stones (quivered)
 K - 15 boomerangs
Armour
 c - a +0 kite shield (worn)
 r - a +0 helmet (worn)
 w - a +0 plate armour (worn)
 y - a +0 pair of boots of rampaging (worn)
 A - a +2 pair of gloves (worn)
 G - a +0 plate armour
 J - a +2 cloak of poison resistance (worn)
 N - a scarf of repulsion
Jewellery
 d - a +4 ring of evasion (right hand)
 L - a ring of resist corrosion (left hand)
 S - a ring of wizardry
 V - an amulet of reflection (around neck)
Wands
 a - a wand of charming (9)
 b - a wand of acid (5)
 j - a wand of random effects (22)
 W - a wand of paralysis (12)
 Y - a wand of polymorph (16)
 Z - a wand of flame (22)
Scrolls
 k - 11 scrolls of teleportation
 q - 3 scrolls of identify
 s - 2 scrolls of magic mapping
 t - 3 scrolls of fear
 C - 2 scrolls of fog
 E - 3 scrolls of amnesia
 F - 2 scrolls of blinking
 H - 5 scrolls of enchant weapon
 M - a scroll of immolation
 O - 7 scrolls of enchant armour
 Q - a scroll of holy word
Potions
 e - 2 potions of attraction
 f - 4 potions of cancellation
 g - 9 potions of curing
 h - 5 potions of lignification
 l - 4 potions of heal wounds
 m - 2 potions of ambrosia
 u - 4 potions of flight
 v - 4 potions of mutation
 z - 3 potions of resistance
 B - 3 potions of haste
 D - 4 potions of magic
 I - 2 potions of brilliance
 T - 2 potions of berserk rage
Miscellaneous
 P - a box of beasts


   Skills:
 + Level 12.8 Fighting
 - Level 21.0 Axes
 + Level 13.2 Armour
 + Level 11.1 Shields
 * Level 15.3 Invocations


You had 10 spell levels left.
You knew the following spells:

 Your Spells              Type           Power      Damage    Failure   Level
a - Confusing Touch       Hex            0%         N/A       100%        3
b - Blink                 Tloc           N/A        N/A       100%        2

Your spell library contained the following spells:

 Spells                   Type           Power      Damage    Failure   Level
 Magic Dart               Conj           0%         1d3       99%         1
 Call Imp                 Summ           0%         N/A       100%        2
 Slow                     Hex            0%         N/A       100%        2
 Conjure Flame            Conj/Fire      0%         6-21      100%        3
 Gell's Gravitas          Tloc           0%         N/A       100%        3
 Mephitic Cloud           Conj/Pois/Air  0%         N/A       100%        3
 Ice Form                 Ice/Tmut       0%         N/A       100%        4
 Petrify                  Tmut/Erth      0%         N/A       100%        4
 Metabolic Englaciation   Hex/Ice        0%         N/A       100%        5
 Yara's Violent Unravell  Hex/Tmut       0%         3d3       100%        5
 Freezing Cloud           Conj/Ice/Air   0%         6-21      100%        6
 Simulacrum               Ice/Necr       0%         N/A       100%        6
 Ozocubu's Refrigeration  Ice            0%         4d5       100%        7


Dungeon Overview and Level Annotations

Branches:
Dungeon (15/15)            Temple (0/1) D:6            Lair (6/6) D:9
  Swamp (0/4) Lair:4       Spider (0/4) Lair:3        Slime (0/5) Lair:5
    Orc (0/2) D:9          Vaults (0/5) D:13         Depths (0/5) D:15
Ossuary (visited)          Bailey (visited)

Altars:
Ashenzari
Dithmenos
Nemelex Xobeh
Jiyva

Shops:
D:5 :   D:6 [(:   D:9 [[

Portals:
Abyss: Lair:3
Trove: D:14 (give horn of Geryon)

Annotations:
D:9 3 runed translucent doors, ArcanElement's ghost, novice HuFi; Shayle's ghost, novice PaWr
D:12 exclusion: ice statue
Lair:3 2 transporters, exclusion: 2 oklob plants, Cyda Jyj's ghost, journeyman DsGl


Message History

The stone giant zombie is moderately damaged.
The stone giant zombie hits you!
* * * LOW HITPOINT WARNING * * *
You take 16 damage, and have 20/141 hp.
You completely miss the stone giant zombie.
The stone giant zombie is moderately damaged.
Garbold hits the stone giant zombie with a +0 battleaxe.
You see here an ugly thing corpse.
You hit the stone giant zombie but do no damage.
The stone giant zombie is moderately damaged.
The stone giant zombie hits you.
* * * LOW HITPOINT WARNING * * *
Garbold hits the stone giant zombie with a +0 battleaxe.
You take 4 damage, and have 17/141 hp.
Aiming: Smiting
Press: ? - help, Dir - move target, f - stone giant zombie Smite: a stone giant zombie (moderately damaged, ally target)
You smite the stone giant zombie!
The stone giant zombie is severely damaged.
You block the stone giant zombie's attack.
You now have 24/27 mp.
Aiming: Smiting
Press: ? - help, Dir - move target, f/p - stone giant zombie Smite: a stone giant zombie (severely damaged, ally target)
You smite the stone giant zombie!
The stone giant zombie is almost destroyed.
Garbold hits the stone giant zombie but does no damage.
The stone giant zombie hits you but does no damage.
You now have 21/27 mp.
You hit the stone giant zombie but do no damage.
The stone giant zombie is almost destroyed.
Garbold hits the stone giant zombie with a +0 battleaxe!
You hit the stone giant zombie.
The stone giant zombie is almost destroyed.
The stone giant zombie barely misses you.
You hit the stone giant zombie but do no damage.
The stone giant zombie is almost destroyed.
Garbold hits the stone giant zombie with a +0 battleaxe!!
The stone giant zombie hits you!!
You die...

##.####..... #.
#..###o..... ..
##.##........
.#
##.##.........
##.
##.###.........
?.# ##..#
##........
#.###..##
#........
#.†##†##
##.......
#[@..# #.......
#Zo)## ##.....#
......)#<##
#.#####
8..P...8.# ###
P).8..8..#
...8.8...#
...P!....#
.>...P...#
....... .#


You could see a stone giant zombie (ally target) and the friendly Garbold the
orc knight.

Vanquished Creatures
  Josephine (D:15)
  Harold (Lair:1)
  A rakshasa (D:15)
  7 hydras
  A boulder beetle (D:13)
  4 vault guards (D:13)
  4 two-headed ogres
  Sonja (Lair:1)
  3 slime creatures (D:14)
  A skeletal warrior (D:15)
  An unseen horror (D:14)
  Pikel (D:8)
  A lindwurm (Lair:5)
  8 ugly things
  An orc knight (Bailey)
  A necromancer (D:15)
  An oklob plant (D:13)
  A manticore (D:13)
  A cyclops (D:13)
  A fire giant skeleton (D:15)
  A black mamba (Lair:2)
  Maggie (D:6)
  8 cane toads
  A gargoyle (D:14)
  4 rime drakes
  10 komodo dragons
  An efreet (D:14)
  Psyche (D:8)
  A freezing wraith (D:14)
  A polar bear (Lair:6)
  4 jumping spiders (Lair:3)
  A troll (D:11)
  4 tyrant leeches (Lair:6)
  3 dream sheep (Lair:5)
  20 blink frogs
  7 wraiths
  Sigmund (D:4)
  2 redbacks (Lair:3)
  A wyvern (Lair:6)
  29 yaks
  A shadow (D:14)
  A hog (shapeshifter) (D:13)
  Eustachio (D:4)
  2 basilisks
  A steam dragon (D:9)
  2 vampire mosquitoes
  A soldier ant (D:14)
  2 wargs (D:9)
  11 water moccasins
  A floating eye (D:13)
  9 orc warriors
  A black bear (D:8)
  4 ice beasts
  A hornet zombie (D:8)
  3 sky beasts
  A wolf (Lair:4)
  7 ogres
  8 centaurs
  2 lemures (D:8)
  3 phantoms
  An elf zombie (Ossuary)
  3 kobold brigands
  14 bullfrogs
  5 scorpions
  5 killer bees
  5 howler monkeys
  An electric eel (Lair:4)
  A bullfrog zombie (D:9)
  2 quasits
  3 centaur skeletons
  5 hounds
  A centaur zombie (D:8)
  A human zombie (Ossuary)
  A jelly (D:11)
  A bullfrog skeleton (D:5)
  3 orc priests
  A gnoll shaman (D:8)
  5 iguanas
  Natasha (twice) (D:4 D:3)
  9 orc wizards
  7 worker ants
  2 hound zombies
  3 hound skeletons
  4 mummies (Ossuary)
  19 gnolls
  13 adders
  A howler monkey skeleton (D:7)
  A shadow imp (D:7)
  6 white imps
  4 ufetubi
  An ooze (D:2)
  2 adder zombies (Ossuary)
  2 worms
  5 dart slugs
  6 leopard geckos
  23 orcs
  2 ball pythons
  9 giant cockroaches
  2 gnoll zombies (Ossuary)
  20 goblins
  19 hobgoblins
  10 jackals
  3 quokkas
  5 bats
  5 frilled lizards
  A goblin zombie (Ossuary)
  A hobgoblin zombie (Ossuary)
  A jackal zombie (D:7)
  16 kobolds
  3 kobold zombies (Ossuary)
  A leopard gecko skeleton (D:8)
  A leopard gecko zombie (D:6)
  9 rats
  A rat zombie (Ossuary)
  A bush (D:13)
482 creatures vanquished.

Vanquished Creatures (collateral kills)
  An orc warlord (Bailey)
  A catoblepas (Lair:5)
  5 hydras
  2 centaur warriors (D:13)
  2 two-headed ogres
  5 death yaks (Lair:5)
  A tengu warrior (D:13)
  A vampire mage (D:15)
  4 skeletal warriors
  A cyclops (D:13)
  3 oklob plants
  8 ugly things
  2 black mambas (Lair:6)
  2 centaur zombies (D:13)
  A centaur skeleton (D:11)
  13 cane toads
  2 komodo dragons
  2 rime drakes
  2 polar bears
  2 jumping spiders (Lair:3)
  A tyrant leech (Lair:6)
  14 blink frogs
  A slime creature (D:13)
  2 dream sheep (Lair:5)
  2 redbacks (Lair:3)
  A water elemental (D:14)
  2 wyverns
  5 basilisks
  15 yaks
  A steam dragon (D:11)
  A warg (D:9)
  9 vampire mosquitoes
  A swamp worm (Lair:4)
  10 water moccasins
  An orc warrior (Bailey)
  A black bear (D:10)
  An ogre (D:13)
  3 wolves (Lair:4)
  A necrophage (D:8)
  3 centaurs (D:12)
  A lemure (D:8)
  13 bullfrogs
  A scorpion (D:9)
  2 killer bees (D:13)
  A howler monkey (D:8)
  A quasit (D:11)
  4 orc priests
  2 hounds
  A jelly (D:11)
  A bullfrog skeleton (D:9)
  3 orc wizards
  A worker ant (D:8)
  A hound skeleton (D:4)
  2 gnolls
  An adder (D:9)
  2 shadow imps (D:8)
  4 ufetubi (D:12)
  2 adder zombies
  4 orcs
  A giant cockroach (D:8)
  10 goblins (Bailey)
  4 hobgoblins (Bailey)
  A jackal (D:8)
  2 kobolds (D:13)
  2 quokkas (D:8)
  A ball python (D:6)
  3 bushes
206 creatures vanquished.

Vanquished Creatures (others)
  An orc high priest (Lair:3)
  3 orc knights
  A deep elf pyromancer (D:13)
  5 orc warriors
  4 orc priests
  3 orc wizards
  28 orcs
  A kobold (D:2)
  A bush (Lair:6)
  28 fungi
  121 plants
  3 withered plants (D:9)
199 creatures vanquished.

Grand Total: 887 creatures vanquished

Notes
Turn   | Place    | Note
-------+----------+-------------------------------------------
     0 | D:1      | jasper the Hill Orc Fighter began the quest for the Orb.
     0 | D:1      | Reached XP level 1. HP: 19/19 MP: 1/1
    51 | D:1      | Reached skill level 3 in Axes
    57 | D:1      | Reached XP level 2. HP: 26/27 MP: 2/2
   463 | D:1      | Reached XP level 3. HP: 33/33 MP: 3/3
   987 | D:2      | Became a worshipper of Beogh the Brigand
  1011 | D:2      | Reached skill level 4 in Axes
  1013 | D:2      | Reached XP level 4. HP: 24/40 MP: 4/4
  1191 | D:2      | Reached XP level 5. HP: 39/47 MP: 5/5
  1257 | D:2      | Found a broken altar of Ashenzari.
  1375 | D:2      | Reached skill level 5 in Axes
  1814 | D:2      | Reached * piety under Beogh
  2729 | D:3      | Reached XP level 6. HP: 46/53 MP: 6/6
  3641 | D:4      | Reached skill level 6 in Axes
  3667 | D:4      | Reached skill level 5 in Fighting
  3802 | D:4      | Noticed Natasha
  3807 | D:4      | Killed Natasha
  3924 | D:4      | Reached XP level 7. HP: 54/61 MP: 7/7
  4121 | D:4      | Reached skill level 5 in Shields
  4298 | D:4      | Noticed Natasha
  4310 | D:3      | Killed Natasha
  4311 | D:3      | Reached skill level 7 in Axes
  4311 | D:3      | Reached skill level 5 in Armour
  4448 | D:4      | Noticed Eustachio
  4452 | D:3      | Reached ** piety under Beogh
  4454 | D:4      | Noticed Sigmund
  4539 | D:5      | Entered Level 5 of the Dungeon
  4732 | D:5      | Reached XP level 8. HP: 65/70 MP: 8/8
  4776 | D:5      | Found a sand-covered staircase.
  4791 | Ossuary  | Entered an ossuary
  4813 | Ossuary  | Reached skill level 8 in Axes
  5552 | D:5      | Found a sparkling altar of Nemelex Xobeh.
  5915 | D:5      | Found Qubisux's Book Boutique.
  6642 | D:6      | Reached skill level 9 in Axes
  6940 | D:6      | Found Visuenk's Antique Weapon Boutique.
  6985 | D:5      | Reached XP level 9. HP: 51/78 MP: 9/9
  7261 | D:6      | Found Uthra Sitt's Book Emporium.
  7262 | D:6      | Noticed Maggie
  7282 | D:6      | Killed Maggie
  7283 | D:6      | Reached skill level 10 in Axes
  7526 | D:6      | Found Joellua's Antique Armour Shoppe.
  7706 | D:6      | Bought a pair of runed gloves for 202 gold pieces
  7934 | D:6      | Found a staircase to the Ecumenical Temple.
  8045 | D:7      | Found a shadowy altar of Dithmenos.
  8077 | D:7      | Reached *** piety under Beogh
  9228 | D:8      | Noticed Pikel
  9241 | D:8      | Killed Pikel
  9242 | D:8      | Reached skill level 11 in Axes
  9517 | D:8      | Noticed a two-headed ogre
  9528 | D:8      | Killed a two-headed ogre
  9529 | D:8      | Reached XP level 10. HP: 77/90 MP: 10/10
  9855 | D:8      | Reached skill level 12 in Axes
  9860 | D:8      | Reached **** piety under Beogh
 10235 | D:8      | Noticed Psyche
 10244 | D:8      | Killed Psyche
 11851 | D:4      | Killed Sigmund
 12053 | D:4      | Killed Eustachio
 12466 | D:9      | Found a staircase to the Orcish Mines.
 12466 | D:9      | Found Opsalur's Armour Shop.
 12480 | D:9      | Reached skill level 13 in Axes
 12488 | D:8      | HP: 4/91 [orc warrior/+0 war axe (8)]
 12906 | D:9      | Bought a +1 cloak of poison resistance for 148 gold pieces
 12983 | D:9      | Found a runed translucent gate.
 12984 | D:9      | Found a runed translucent gate.
 12993 | D:9      | Found a runed translucent gate.
 13264 | D:9      | Reached XP level 11. HP: 63/97 MP: 11/11
 13639 | D:9      | Found a staircase to the Lair.
 13648 | D:9      | Reached ***** piety under Beogh
 13648 | D:9      | Gained Gorm as an ally
 13651 | D:9      | Reached skill level 10 in Fighting
 13651 | D:9      | Reached skill level 14 in Axes
 13998 | D:9      | Found Zeetug's Armour Boutique.
 14040 | D:9      | Noticed Shayle's ghost (novice PaWr)
 14041 | D:9      | Noticed ArcanElement's ghost (novice HuFi)
 14297 | D:10     | Entered Level 10 of the Dungeon
 14665 | D:10     | You fall into a shaft and drop 1 floor!
 14682 | D:11     | Found a flagged portal.
 14694 | Bailey   | Entered a bailey
 15115 | Bailey   | Gained Argrim as an ally
 15234 | Bailey   | Noticed an orc knight
 15769 | Bailey   | Noticed an orc knight
 15769 | Bailey   | Noticed an orc warlord
 15771 | Bailey   | Noticed an orc knight
 15788 | Bailey   | Killed an orc knight
 15817 | Bailey   | Killed an orc warlord
 15832 | Bailey   | Reached skill level 16 in Axes
 15832 | Bailey   | Reached XP level 12. HP: 38/106 MP: 12/12
 15837 | Bailey   | Reached skill level 19 in Axes
 15837 | Bailey   | Reached XP level 13. HP: 42/113 MP: 13/13
 17589 | D:11     | Reached skill level 20 in Axes
 19005 | D:13     | Reached XP level 14. HP: 35/121 MP: 10/14
 19434 | Lair:1   | Entered Level 1 of the Lair of Beasts
 19460 | Lair:1   | Noticed Harold
 19474 | Lair:1   | Killed Harold
 19475 | Lair:1   | Reached skill level 21 in Axes
 19512 | Lair:1   | Reached skill level 1 in Invocations
 19673 | Lair:1   | Gained Nordag as an ally
 19833 | Lair:1   | You fall into a shaft and drop 1 floor!
 20148 | Lair:1   | You fall into a shaft and drop 1 floor!
 20228 | Lair:1   | Identified the +5 battleaxe of Okawaru's Benevolence {elec,
                  | rC+}
 20328 | Lair:1   | Noticed Sonja
 20329 | Lair:1   | Reached skill level 10 in Invocations
 20329 | Lair:1   | Reached XP level 15. HP: 126/126 MP: 17/22
 20339 | Lair:1   | Killed Sonja
 21165 | Lair:2   | Identified the +2 scale mail of Pasumaw {Str+2 Slay+3}
 21428 | Lair:2   | Learned a level 3 spell: Confusing Touch
 22132 | Lair:3   | Found a hole to the Spider Nest.
 22213 | Lair:3   | Reached ****** piety under Beogh
 22298 | Lair:3   | Your ally Nordag died
 22605 | Lair:3   | Your ally Gorm died
 22814 | Lair:3   | You fall into a shaft and drop 1 floor!
 23252 | Lair:3   | Found a transporter.
 23252 | Lair:3   | Noticed Cyda Jyj's ghost (journeyman DsGl)
 23277 | Lair:3   | Found a transporter.
 23448 | Lair:3   | Found a one-way gate to the infinite horrors of the Abyss.
 23523 | Lair:4   | Identified the +8 halberd of the Grave {elec, rN+}
 23659 | Lair:4   | Gained Gorbash as an ally
 23715 | Lair:4   | Found a staircase to the Swamp.
 24809 | Lair:5   | Found a viscous altar of Jiyva.
 24809 | Lair:5   | Found a staircase to the Slime Pits.
 25336 | Lair:6   | Entered Level 6 of the Lair of Beasts
 25856 | Lair:6   | Gained Boldo as an ally
 25871 | Lair:6   | Reached XP level 16. HP: 112/139 MP: 25/25
 25893 | Lair:6   | Reached skill level 10 in Shields
 26731 | Lair:6   | Identified a scroll of acquirement
 26902 | Lair:6   | Acquired the +14 obsidian axe {vorpal, *Drain +Fly SInv}
 26903 | Lair:6   | Found the +14 obsidian axe {vorpal, *Drain +Fly SInv}
 27268 | D:13     | Paralysed by a floating eye for 2 turns
 27565 | D:13     | Learned a level 2 spell: Blink
 27921 | D:13     | Found a gate to the Vaults.
 29714 | D:14     | Found a portal to a secret trove of treasure.
 29944 | D:15     | Entered Level 15 of the Dungeon
 30088 | D:15     | Noticed Josephine
 30103 | D:15     | Killed Josephine
 30411 | D:15     | Gained Margrim as an ally
 30412 | D:15     | Reached skill level 15 in Invocations
 30772 | D:15     | Your ally Margrim died
 30781 | D:15     | Found a staircase to the Depths.
 30790 | D:15     | Gained Garbold as an ally
 30818 | D:15     | Slain by a stone giant zombie

Illustrated notes

Levels and vault maps discovered:
D:1:      dpeg_arrival_rhombus, layout_basic, minmay_tromino_v7
D:2:      cheibrodos_pilgrimage, layout_basic, small_statue_intersection,
          evilmike_ruin_ashenzari
D:3:      layout_basic, minmay_misc_feat_diagonals, hex_large,
          wander_ebering_terrifying_dragon_lair
D:4:      layout_cave_pods, uniq_sigmund, uniq_eustachio, uniq_natasha
D:5:      layout_loops_ring, serial_shops, shop, chequers_ossuary_entry_cave,
          grunt_ministairs_1, nemelex_lonely_heart_becter
D:6:      layout_basic, minmay_temple_entry_enclosed_plants, serial_shops,
          nicolae_shop_statue_plus, shop_fountains, nicolae_shop_waterfront,
          kennysheep_decorative_pillar, uniq_maggie
D:7:      layout_gridville, nicolae_overflow_crystal_walls
D:8:      minmay_polygon_palace, layout_loops_cross, serial_shops,
          nicolae_shop_temple_entry_statues_fountains, kennysheep_kite_vault,
          uniq_pikel, uniq_psyche
D:9:      layout_roguey, erik_lair_orcish_takeover, orc_david_3, serial_shops,
          nicolae_shop_temple_entry_statues_fountains, gammafunk_ghost_cemetery,
          minivault_23
D:10:     layout_basic
D:11:     layout_loops_ring, portal_ice_cave_rime, enter_bailey_2,
          lightli_fourway_metalbox
D:12:     cheibrodos_frozen_isle, layout_cave_pools,
          nicolae_ru_sacrificial_ziggurat
D:13:     layout_rooms, lightli_vaults_fourway_checkpoint, disabler_island
D:14:     layout_long_grid, kennysheep_big_empty_room, enter_trove_1,
          minmay_misc_feat_alley
D:15:     gammafunk_depths_entry_grave, layout_cave_pods,
          amcnicky_mini_pool_small, minmay_misc_feat_five, uniq_josephine
Lair:1:   layout_gridlike, uniq_harold, uniq_sonja
Lair:2:   layout_cellular_growth, grunt_megastairs_2
Lair:3:   layout_regular_city, nicolae_spider_entry_tight_spaces,
          gammafunk_ghost_abyssal_escape, beast_lair_carwin_11,
          infiniplex_staircase_pool, minmay_lair_oklob_chamber
Lair:4:   layout_regular_city, minmay_swamp_entry_worms, minivault_27,
          serial_bayou_shore_a
Lair:5:   layout_loops_ring, dpeg_slime_entry_enclosed_altar, grunt_megastairs_4
Lair:6:   minmay_lair_end_frog_pond, layout_cave_shapes

Skill      XL: |  1  2  3  4  5  6  7  8  9 10 11 12 13 14 15 16 |
---------------+-------------------------------------------------+-----
Axes           | 3 4 5 6 7 9 11 13 16 19 20 21 | 21.0
Fighting       | 4 5 6 8 9 10 11 12 | 12.8
Shields        | 4 5 6 7 8 9 11 | 11.1
Armour         | 4 5 6 7 8 11 12 13 | 13.2
Invocations    | 10 13 15 | 15.3

Action                   |  1- 3 |  4- 6 |  7- 9 | 10-12 | 13-15 | 16-18 || total
-------------------------+-------+-------+-------+-------+-------+-------++-------
Melee: War axe           |    85 |   200 |   171 |   380 |   266 |    10 ||  1112
       Broad axe         |       |       |   132 |       |   275 |   444 ||   851
Throw: Stone             |       |    43 |    27 |     4 |    41 |       ||   115
Invok: Convert to Beogh  |     1 |       |       |       |       |       ||     1
       Recall Orcish Fol |       |       |       |     4 |     5 |     1 ||    10
       Stop Recall       |       |       |       |     1 |     2 |     1 ||     4
       Smiting           |       |       |       |       |     3 |     2 ||     5
       Give Item to Name |       |       |       |       |     3 |       ||     3
Evoke: Box of beasts     |       |       |       |       |     1 |       ||     1
       Wand              |       |       |       |       |     1 |       ||     1
  Use: Potion            |     1 |       |     3 |     6 |     3 |     1 ||    14
       Scroll            |       |     3 |    11 |    10 |     1 |     9 ||    34
 Stab: Distracted        |       |       |     1 |     2 |     5 |     1 ||     9
Armor: Scale mail        |    37 |    87 |    56 |       |       |       ||   180
       Plate armour      |       |       |    94 |   165 |   233 |   124 ||   616
       Skin              |       |       |    19 |       |       |       ||    19
Dodge: Dodged            |    29 |    72 |   120 |   105 |   139 |    91 ||   556
Block: Kite shield       |    47 |   110 |   169 |   184 |   350 |   271 ||  1131
       Reflection        |       |       |       |       |     3 |     9 ||    12

Table legend: (Time is in decaauts)
 A = Elapsed time spent in this place.
 B = Non-inter-level travel time spent in this place.
 C = Inter-level travel time spent in this place.
 D = Time resting spent in this place.
 E = Time spent auto-exploring this place.
 F = Levels seen in this place.
 G = Mean time per level.
                   A        B        C        D        E       F      G
               +--------+--------+--------+--------+--------+-----+--------+
         Total |  30909 |  29669 |   1240 |  10452 |  14665 |  23 | 1343.9 |
       Dungeon |  20994 |  20104 |    890 |   7965 |   9079 |  15 | 1399.6 |
          Lair |   7658 |   7308 |    350 |    956 |   5268 |   6 | 1276.3 |
       Ossuary |    611 |    611 |      0 |    303 |    202 |   1 |  611.0 |
        Bailey |   1644 |   1644 |      0 |   1228 |    116 |   1 | 1644.0 |
               +--------+--------+--------+--------+--------+-----+--------+

Top non-repeatable levels by time:
     D:8: 2214 daAuts
     D:5: 2032 daAuts
     D:6: 1993 daAuts
    D:13: 1895 daAuts
     D:2: 1892 daAuts
     D:9: 1762 daAuts
  Bailey: 1644 daAuts
  Lair:2: 1486 daAuts
  Lair:5: 1445 daAuts
  Lair:6: 1422 daAuts
    D:14: 1416 daAuts
  Lair:3: 1371 daAuts
    D:11: 1363 daAuts
     D:3: 1263 daAuts
    D:10: 1156 daAuts
